 Dungeon Crawl Stone Soup version 0.23.2-1-ga50397a (webtiles) character file.

Game seed: 6108617797532719041

260 Aske the Chopper (level 6, -11/53 HPs)
             Began as a Ghoul Monk on May 3, 2019.
             Mangled by an orc warrior
             ... wielding a +0 battleaxe
              (22 damage)
             ... on level 6 of the Dungeon.
             The game lasted 00:05:23 (2975 turns).

Aske the Chopper (Ghoul Monk)                       Turns: 2975, Time: 00:05:23

Health: -11/53     AC:  8    Str: 15    XL:     6   Next: 17%
Magic:  5/5        EV: 18    Int: 10    God:
Gold:   99         SH:  0    Dex: 18    Spells: 5/5 levels left

rFire    . . .     SeeInvis .   a - +0 hand axe
rCold    + . .     Gourm    .   (no shield)
rNeg     + + +     Faith    .   q - +0 ring mail
rPois    ∞         Spirit   .   (no helmet)
rElec    .         Reflect  .   (no cloak)
rCorr    .         Harm     .   (no gloves)
MR       .....                  (no boots)
Stlth    +++.......             (no amulet)
HPRegen  0.00/turn              n - +3 ring of protection
MPRegen  0.09/turn              (no ring)

@: brilliant, agile, flying (expiring), very slightly contaminated, rotting,
hasted, invisible, very quick
A: rotting body, claws 1, carnivore, cold resistance 1, negative energy
resistance 3, inhibited regeneration, torment resistance, unbreathing
a: no special abilities


You were on level 6 of the Dungeon.
You were not hungry.

You visited 1 branch of the dungeon, and saw 4 of its levels.

You collected 99 gold pieces.

Inventory:

Hand Weapons
 a - a +0 hand axe (weapon)
Armour
 q - a +0 ring mail (worn)
Jewellery
 n - a +3 ring of protection (left claw)
Scrolls
 b - a scroll of identify {unknown}
 h - a scroll of fear {unknown}
 i - 3 scrolls of blinking {unknown}
 k - 4 scrolls of teleportation {unknown}
 m - a scroll of fog {unknown}
 o - a scroll of enchant weapon {unknown}
 s - a scroll of immolation {unknown}
 t - a scroll of enchant armour {unknown}
 w - a scroll of remove curse {unknown}
Potions
 p - a potion of heal wounds {unknown}
 r - a potion of agility
Comestibles
 c - 10 rations
 u - 4 chunks of flesh


   Skills:
 + Level 4.5 Fighting
 + Level 4.7 Axes
 + Level 0.7 Armour
 + Level 3.7 Dodging
 - Level 2.1 Stealth


You had 5 spell levels left.
You didn't know any spells.
Your spell library was empty.

Dungeon Overview and Level Annotations

Branches:
Dungeon (3/15)

Altars:
Makhleb
Trog
Xom
Yredelemnul
The Shining One


Innate Abilities, Weirdness & Mutations

Your body is rotting away.
You thrive on raw meat.
You are immune to poison.
You have sharp fingernails.
You are carnivorous and can eat meat at any time.
Your flesh is cold resistant. (rC+)
You are immune to negative energy. (rN+++)
You do not regenerate when monsters are visible.
You are immune to unholy pain and torment.
You can survive without breathing.


Message History

The orc warrior is moderately wounded.
You miss something. You closely miss the orc. You completely miss something.
You catch the helpless orc warrior completely off-guard!
You hit the orc warrior but do no damage.
You catch the helpless orc completely off-guard!
You hit the orc but do no damage. The orc closely misses you.
You hear some strange, mumbled words.
A magic dart appears from out of thin air!
The magic dart hits you.
* * * LOW HITPOINT WARNING * * *
You completely miss the orc warrior.
The orc warrior is moderately wounded.
You closely miss something. You barely miss the orc.
You hit the orc warrior but do no damage.
The orc warrior is moderately wounded.
You miss something. You hit the orc but do no damage.
You are starting to lose your buoyancy.
The orc warrior hits you with a +0 battleaxe!!
You die...

#..##..###..###.......
#..###.###..##........
####.## #..#....#........
.... ##...............
... ##............_.
###.## #..............
#..#####...#..........
#..##.....##.........
##..o@....÷###........
##...{o##....###.......
#.)..........# #....#..
#.....##.......##....#..
#.....####.............#.
#....### #..#####..#...#.
.....# #..# #..# ....
...... #.## #..# #. .
...... .. #


You could see an orc warrior and an orc (wandering).

Vanquished Creatures
  A hound (D:6)
  An orc priest (D:3)
  7 gnolls
  5 adders (D:2)
  4 worms
  2 dart slugs (D:1)
  3 leopard geckos
  4 orcs
  A ball python (D:2)
  3 giant cockroaches (D:2)
  5 hobgoblins
  10 kobolds
  2 quokkas (D:2)
  6 bats
  4 frilled lizards
  6 goblins
  10 rats
74 creatures vanquished.

Vanquished Creatures (others)
  An orc (D:6)
1 creature vanquished.

Grand Total: 75 creatures vanquished

Notes
Turn   | Place    | Note
-------+----------+-------------------------------------------
     0 | D:1      | Aske the Ghoul Monk began the quest for the Orb.
     0 | D:1      | Reached XP level 1. HP: 19/19 MP: 0/0
   401 | D:1      | Reached XP level 2. HP: 26/26 MP: 1/1
  1116 | D:2      | Reached XP level 3. HP: 29/33 MP: 2/2
  1272 | D:2      | HP: 1/33 [gnoll/+0 flail (5)]
  1282 | D:2      | Reached XP level 4. HP: 6/40 MP: 3/3
  1764 | D:2      | Reached XP level 5. HP: 35/46 MP: 4/4
  1834 | D:2      | Found a basalt altar of Yredelemnul.
  2084 | D:2      | Found a shimmering altar of Xom.
  2084 | D:2      | Found a glowing golden altar of the Shining One.
  2085 | D:2      | Found a bloodstained altar of Trog.
  2699 | D:3      | Reached XP level 6. HP: 47/53 MP: 5/5
  2845 | D:3      | You fall through a shaft for 3 floors!
  2845 | D:6      | Found a burning altar of Makhleb.
  2933 | D:6      | Noticed an orc warrior
  2975 | D:6      | Mangled by an orc warrior

Skill      XL: |  1  2  3  4  5 |
---------------+----------------+-----
Axes           | 3 4 |  4.7
Dodging        | 3 |  3.7
Fighting       | 4 |  4.5
Armour         | |  0.7
Stealth        | |  2.1

Action                   |  1- 3 |  4- 6 || total
-------------------------+-------+-------++-------
Melee: Hand axe          |   113 |   212 ||   325
  Use: Potion            |       |     8 ||     8
 Stab: Sleeping          |     3 |     2 ||     5
       Invisible         |       |     3 ||     3
  Eat: Chunk             |    21 |    17 ||    38
Armor: Robe              |    13 |    15 ||    28
       Ring mail         |       |    38 ||    38
Dodge: Dodged            |    63 |   125 ||   188
